 Dungeon Crawl Stone Soup version 0.22.0 (webtiles) character file.

8280 KnightedAnt the Envoy of Void (level 11, -4/89 HPs)
             Began as a Formicid Abyssal Knight on Nov 1, 2018.
             Was a High Priest of Lugonu.
             Slain by a gargoyle
             ... wielding a +0 flail
              (7 damage)
             ... on level 11 of the Dungeon.
             The game lasted 00:34:57 (15034 turns).

KnightedAnt the Envoy of Void (FoAK)               Turns: 15034, Time: 00:34:57

Health: -4/89      AC: 21    Str: 21    XL:     11   Next: 52%
Magic:  14/18      EV:  4    Int: 11    God:    Lugonu [*****.]
Gold:   628        SH:  6    Dex: 10    Spells: 10/10 levels left

rFire    + + .     SeeInvis +   a - +3 whip (holy)
rCold    + . .     Gourm    .   o - +0 buckler
rNeg     . . .     Faith    .   s - +1 gold dragon scales
rPois    +         Spirit   .   (helmet unavailable)
rElec    .         Reflect  .   g - +0 cloak
rCorr    .         Harm     .   u - +1 pair of gloves {archery}
MR       +....                  (no boots)
Stlth    ..........             (no amulet)
HPRegen  0.24/turn              y - ring of protection from fire
MPRegen  0.16/turn              H - ring of teleportation (curse)

@: starving
A: permanent stasis, dig shafts and tunnels, four strong arms, antennae 3
a: Dig, Shaft Self, Depart the Abyss, Bend Space, Banish, Corrupt, Enter the
Abyss, Renounce Religion


You were on level 11 of the Dungeon.
You worshipped Lugonu.
Lugonu was extremely pleased with you.
You were starving.

You visited 1 branch of the dungeon, and saw 11 of its levels.
You visited the Abyss 1 time.
You also visited: Sewer.

You collected 628 gold pieces.

Inventory:

Hand Weapons
 a - a +3 whip of holy wrath (weapon)
 b - a +0 hunting sling
 F - the +10 hand axe of the Ship {venom, rPois Int+5 Dex-4}
   (You found it on level 10 of the Dungeon)

   It poisons the flesh of those it strikes.
   It affects your intelligence (+5).
   It affects your dexterity (-4).
   It protects you from poison.
Missiles
 h - 553 stones (quivered)
 m - 99 sling bullets
Armour
 g - a +0 cloak (worn)
 o - a +0 buckler (worn)
 s - +1 gold dragon scales (worn)
 u - a +1 pair of gloves of archery (worn)
Jewellery
 y - a ring of protection from fire (left hand)
 H - a cursed ring of teleportation (right hand)
Wands
 v - a wand of digging (24)
 z - a wand of random effects (51)
 B - a wand of clouds (6)
 C - a wand of scattershot (4)
 D - a wand of iceblast (14)
Scrolls
 e - a scroll of random uselessness {unknown}
 f - 4 scrolls of amnesia
 i - 8 scrolls of remove curse
 k - a scroll of fog {unknown}
 l - 12 scrolls of identify
 E - a scroll of magic mapping {unknown}
 I - a scroll of enchant armour
Potions
 d - 3 potions of agility {unknown}
 j - 2 potions of degeneration {unknown}
 n - 3 potions of mutation {unknown}
 p - 4 potions of might
 q - a potion of ambrosia {unknown}
 r - 3 potions of brilliance {unknown}
 t - 5 potions of curing
 w - a potion of magic {unknown}
 x - 3 potions of heal wounds {unknown}
 A - 2 potions of lignification {unknown}
 G - a potion of flight {unknown}
Comestibles
 c - 21 rations
 J - 3 chunks of flesh


   Skills:
 + Level 9.1 Fighting
 + Level 8.0 Maces & Flails
 + Level 8.7 Armour
 - Level 1.3 Dodging
 + Level 9.0 Shields
 + Level 9.5 Invocations


You had 10 spell levels left.
You didn't know any spells.
Your spell library contained the following spells:

 Spells                   Type           Power        Failure   Level  Hunger
 Summon Small Mammal      Summ           #...         100%        1    ##.....
 Summon Ice Beast         Ice/Summ       #.......     100%        4    #####..
 Call Imp                 Summ           #.......     100%        2    ###....
 Call Canine Familiar     Summ           #.......     100%        3    ####...
 Summon Lightning Spire   Summ/Air       #.......     100%        4    #####..
 Summon Guardian Golem    Hex/Summ       #.......     100%        3    ####...


Dungeon Overview and Level Annotations

Branches:
Dungeon (11/15)            Temple (0/1) D:4            Lair (0/6) D:8
    Orc: D:9-12

Altars:
Ashenzari
Cheibriados
Dithmenos
Gozag
Hepliaklqana
Makhleb
Nemelex Xobeh
Okawaru
Qazlal
Ru
Sif Muna
Trog
Wu Jian
Xom
Yredelemnul
Zin
The Shining One

Shops:
D:3 *

Annotations:
D:3 2 transporters, Blackhawk's ghost, amateur GnWn
D:9 2 transporters, catcat's ghost, novice TrFi


Innate Abilities, Weirdness & Mutations

You cannot be hasted, slowed, berserked, paralysed or teleported.
You can dig through walls and to a lower floor.
Your four strong arms can wield two-handed weapons with a shield.
You have a pair of large antennae on your head. (SInv)


Message History

The gargoyle hits you with a flail!
* * * LOW HITPOINT WARNING * * *
You hit the gargoyle but do no damage.
The gargoyle is almost destroyed.
You hit the gargoyle but do no damage.
The gargoyle is almost destroyed.
The gargoyle barely misses you.
You hit the gargoyle but do no damage.
The gargoyle is almost destroyed.
You hit the gargoyle but do no damage.
The gargoyle is almost destroyed.
The gargoyle hurls a stone arrow at you.
The stone arrow hits you!
* * * LOW HITPOINT WARNING * * *
Press: ? - help, Shift-Dir - straight line, f - gargoyle
Aim: a gargoyle, wielding a flail (almost destroyed, chance to defeat MR: 73%)
The gargoyle struggles to resist.
You feel quite a bit more hungry.
You are starving!
The gargoyle hits you with a flail!
You die...

#..#......#
#..#......#
#..#+##...#
#.....#...#
#.....# ...
#.....#
###.....#
####.......#
#@#........#
##9#.......#
###.......+
#.......#
#...o...#
#!......#
#.......#
##.......
.......


You could see a gargoyle.

Vanquished Creatures
  An unseen horror (D:10)
  Pikel (D:7)
  2 centaur skeletons
  A troll (D:11)
  A slime creature (D:6)
  Sigmund (D:5)
  7 yaks
  A hungry ghost (D:8)
  2 soldier ants (D:9)
  A water moccasin (D:11)
  2 ice beasts
  2 orc warriors
  A hornet zombie (D:11)
  A necrophage (D:10)
  2 sky beasts
  An eye of draining (D:9)
  5 ogres
  A phantom (D:9)
  2 centaurs
  4 bullfrogs
  2 gnoll sergeants
  A wyvern skeleton (D:10)
  5 scorpions
  4 killer bees (D:8)
  4 wights (D:7)
  3 howler monkeys
  9 jellies
  3 crimson imps
  A bullfrog zombie (D:10)
  7 hounds
  6 orc wizards
  5 orc priests
  Crazy Yiuf (D:3)
  A bullfrog skeleton (D:10)
  Jessica (D:3)
  3 iguanas
  13 worker ants
  A killer bee zombie (D:8)
  A hound skeleton (D:5)
  Robin (D:3)
  A howler monkey skeleton (D:10)
  9 gnolls
  A river rat (D:6)
  11 adders
  4 shadow imps
  14 oozes (D:6)
  An adder skeleton (D:7)
  3 worms
  4 dart slugs
  5 leopard geckos
  22 orcs
  11 ball pythons
  8 giant cockroaches
  17 goblins
  16 hobgoblins
  21 jackals
  2 quokkas
  10 bats
  7 frilled lizards
  A jackal zombie (D:3)
  13 kobolds
  8 rats
300 creatures vanquished.

Vanquished Creatures (others)
  A two-headed ogre (D:10)
  A slave (D:7)
  A jelly (D:7)
  9 fungi
12 creatures vanquished.

Grand Total: 312 creatures vanquished

Notes
Turn   | Place    | Note
-------+----------+-------------------------------------------
     0 | Abyss:1  | KnightedAnt the Formicid Abyssal Knight began the quest for the Orb.
     0 | Abyss:1  | Reached XP level 1. HP: 18/18 MP: 2/2
    79 | Abyss:1  | Noticed a tentacled starspawn
    81 | Abyss:1  | Noticed a small abomination
    82 | D:1      | Escaped the Abyss
   222 | D:1      | Reached skill level 1 in Dodging
   236 | D:1      | Reached * piety under Lugonu
   291 | D:1      | Reached XP level 2. HP: 24/24 MP: 3/3
   621 | D:1      | Reached XP level 3. HP: 27/29 MP: 4/4
  1059 | D:2      | Found a glowing silver altar of Zin.
  1072 | D:2      | Found an ornate altar of the Wu Jian Council.
  1079 | D:2      | Found a bloodstained altar of Trog.
  1086 | D:2      | Found a hazy altar of Hepliaklqana.
  1141 | D:2      | Noticed an ogre
  1740 | D:3      | Reached XP level 4. HP: 22/37 MP: 6/6
  1898 | D:3      | Noticed Jessica
  1917 | D:3      | Killed Jessica
  1917 | D:3      | Reached skill level 1 in Shields
  2091 | D:3      | Noticed Robin
  2121 | D:3      | Killed Robin
  2260 | D:3      | Reached XP level 5. HP: 40/42 MP: 7/7
  2265 | D:3      | Reached ** piety under Lugonu
  2318 | D:3      | Found a shadowy altar of Dithmenos.
  2349 | D:3      | Found Gozag's Platinum Reserve.
  2354 | D:3      | Found an opulent altar of Gozag.
  2402 | D:3      | Found a runed door.
  2496 | D:3      | Noticed Crazy Yiuf
  2508 | D:3      | Killed Crazy Yiuf
  2815 | D:3      | Reached XP level 6. HP: 48/48 MP: 8/8
  2884 | D:3      | Noticed a phantom
  2886 | D:3      | Found a transporter.
  2886 | D:3      | Noticed Blackhawk's ghost (amateur GnWn)
  3104 | D:3      | Found a transporter.
  3126 | D:3      | Found a burning altar of Makhleb.
  3571 | D:4      | Noticed an ogre
  3585 | D:4      | Killed an ogre
  3585 | D:4      | Reached XP level 7. HP: 31/55 MP: 10/10
  3778 | D:4      | Found a sacrificial altar of Ru.
  3778 | D:4      | Found a shimmering altar of Xom.
  4288 | D:4      | Found a staircase to the Ecumenical Temple.
  4357 | D:4      | Reached *** piety under Lugonu
  4394 | D:5      | Entered Level 5 of the Dungeon
  4465 | D:4      | Reached skill level 5 in Fighting
  4767 | D:4      | Reached XP level 8. HP: 42/62 MP: 11/11
  4915 | D:4      | Reached skill level 5 in Invocations
  5497 | D:5      | Reached skill level 5 in Armour
  5782 | D:5      | Found a deep blue altar of Sif Muna.
  5990 | D:5      | Found an opulent altar of Gozag.
  6173 | D:6      | Noticed Sigmund
  6202 | D:5      | Killed Sigmund
  6202 | D:5      | Reached skill level 5 in Maces & Flails
  6202 | D:5      | Reached skill level 5 in Shields
  6279 | D:6      | Reached XP level 9. HP: 68/69 MP: 13/13
  6533 | D:6      | Found a glowing drain.
  6554 | Sewer    | Entered a sewer
  6672 | Sewer    | Reached **** piety under Lugonu
  7483 | D:6      | Noticed a slime creature
  7675 | D:6      | Found an iron altar of Okawaru.
  8148 | D:6      | Killed a slime creature
  8299 | D:7      | Found a stormy altar of Qazlal.
  8676 | D:7      | Found a snail-covered altar of Cheibriados.
  8896 | D:7      | Found a sparkling altar of Nemelex Xobeh.
  8901 | D:7      | Noticed Pikel
  8924 | D:7      | Killed Pikel
  9059 | D:7      | Found a shattered altar of Ashenzari.
  9184 | D:7      | Reached XP level 10. HP: 78/79 MP: 15/15
  9376 | D:7      | Found a glowing golden altar of the Shining One.
  9796 | D:8      | Reached ***** piety under Lugonu
 10116 | D:8      | Found a staircase to the Lair.
 11746 | D:9      | Noticed a two-headed ogre
 11754 | D:9      | Found a transporter.
 11769 | D:9      | Found a snail-covered altar of Cheibriados.
 11835 | D:9      | Found a basalt altar of Yredelemnul.
 12031 | D:9      | Noticed catcat's ghost (novice TrFi)
 12035 | D:9      | Found a transporter.
 12498 | D:10     | Entered Level 10 of the Dungeon
 12508 | D:10     | Reached XP level 11. HP: 87/87 MP: 17/17
 12779 | D:10     | Noticed a two-headed ogre
 12782 | D:10     | Banished a two-headed ogre
 12925 | D:10     | Noticed an unseen horror
 13141 | D:10     | Killed an unseen horror
 14024 | D:10     | Got an encrusted hand axe
 14318 | D:10     | Identified the +10 hand axe of the Ship {venom, rPois Int+5 Dex-4} (You found it on level 10 of the Dungeon)
 15033 | D:11     | HP: 3/89 [gargoyle/stone arrow (23)]
 15034 | D:11     | Slain by a gargoyle

Skill      XL: |  1  2  3  4  5  6  7  8  9 10 11 |
---------------+----------------------------------+-----
Dodging        | 1 |  1.3
Shields        | 1 2 3 5 6 8 9 |  9.0
Invocations    | 3 4 6 7 8 9 |  9.5
Armour         | 3 4 5 6 7 8 |  8.7
Fighting       | 4 5 6 7 8 9 |  9.1
Maces & Flails | 3 4 5 6 7 8 |  8.0

Action                   |  1- 3 |  4- 6 |  7- 9 | 10-12 || total
-------------------------+-------+-------+-------+-------++-------
Melee: Mace              |    88 |       |       |       ||    88
       Whip              |    13 |   220 |   704 |   835 ||  1772
 Fire: Hunting sling     |       |     2 |       |       ||     2
Invok: Depart the Abyss  |     1 |       |       |       ||     1
       Banish            |       |       |       |     2 ||     2
 Abil: Dig               |       |     3 |     3 |     3 ||     9
  Use: Scroll            |       |    10 |     1 |       ||    11
 Stab: Sleeping          |     1 |       |       |       ||     1
       Invisible         |       |     1 |       |       ||     1
  Eat: Chunk             |     1 |     8 |    18 |    15 ||    42
       Ration            |       |       |       |     2 ||     2
Armor: Leather armour    |    27 |     3 |       |       ||    30
       Gold dragon scale |       |   143 |   445 |   482 ||  1070
Dodge: Dodged            |    54 |    16 |    72 |   106 ||   248
Block: Buckler           |    11 |    28 |   124 |   168 ||   331
